 Dungeon Crawl Stone Soup version 0.18.1-6-gd335043 (webtiles) character file.

33217 nubinia the Thaumaturge (level 13, -10/102 HPs)
             Began as a Deep Elf Fire Elementalist on May 19, 2016.
             Was the Champion of Zin.
             Impaled on a porcupine's spines (11 damage)
             ... on level 6 of the Lair of Beasts on May 20, 2016.
             The game lasted 02:10:34 (20976 turns).

nubinia the Thaumaturge (DEFE)                     Turns: 20976, Time: 02:10:34

Health: -10/102    AC:  8    Str: 10    XL:     13   Next: 35%
Magic:  1/33       EV: 18    Int: 22    God:    Zin [******]
Gold:   1261       SH:  4    Dex: 19    Spells: 12 memorised, 5 levels left

rFire  + + .     SeeInvis .     a - +3 dagger (venom)
rCold  x . .     Gourm    .     f - +2 robe {rF+}
rNeg   . . .     Faith    .     i - +0 buckler
rPois  .         Spirit   .     Z - +0 helmet
rElec  .         Dismiss  .     F - +0 cloak
rCorr  +         Reflect  .     r - +1 pair of gloves
SustAt .         Harm     .     (no boots)
MR     +....                    X - amulet of regeneration
Stlth  ..........               d - ring of resist corrosion
                                g - ring of fire

@: berserking, lethally poisoned (-10 -> -11), very quick, somewhat resistant to
hostile enchantments, extremely unstealthy
A: no striking features
a: Recite, Vitalisation, Imprison, Sanctuary, Donate Gold, Cure All Mutations,
Renounce Religion


You were on level 6 of the Lair of Beasts.
You worshipped Zin.
Zin was exalted by your worship.
You were not hungry.

You visited 2 branches of the dungeon, and saw 17 of its levels.
You also visited: Volcano.

You collected 1381 gold pieces.
You donated 120 gold pieces to Zin.

Inventory:

Hand Weapons
 a - a +3 dagger of venom (weapon)
 b - the +3 falchion of Expedience {slice, +Inv rElec MP-9 Int+7}
   (You found it on level 6 of the Lair of Beasts)

   It inflicts extra damage upon your enemies.
   It affects your intelligence (+7).
   It insulates you from electricity.
   It affects your magic capacity (-9).
   It lets you turn invisible.
 B - a +1 long sword of freezing
 K - a +0 blowgun
Missiles
 N - 46 poisoned needles
Armour
 f - a +2 robe of fire resistance (worn)
 i - a +0 buckler (worn)
 r - a +1 pair of gloves (worn)
 F - a +0 cloak (worn)
 Z - a +0 helmet (worn)
Rods
 w - a +0 rod of inaccuracy (12/12)
   (You found it on level 6 of the Dungeon)
Jewellery
 d - a ring of resist corrosion (right hand)
 g - a ring of fire (left hand)
 k - an uncursed ring of see invisible
 Q - an uncursed ring of sustain attributes
 X - an amulet of regeneration (around neck)
Wands
 m - a wand of lightning (3/15)
 t - a wand of lightning (4/15)
 y - a wand of lightning (7/15)
 A - a wand of iceblast (15/15)
 D - a wand of digging (6/24)
 G - a wand of teleportation (6/9)
 H - a wand of slowing (16/48)
 L - a wand of flame (8/48)
 U - a wand of slowing (27/48)
Scrolls
 j - 3 scrolls of blinking
 o - 3 scrolls of enchant weapon
 s - 6 scrolls of remove curse
 x - 3 scrolls of enchant armour
 E - 2 scrolls of magic mapping
 J - a scroll of identify
 O - 3 scrolls of amnesia
 S - 2 scrolls of teleportation
 T - a scroll of recharging
Potions
 e - 4 potions of brilliance
 h - 5 potions of agility
 l - 2 potions of flight
 p - 2 potions of berserk rage
 q - 8 potions of curing
 v - a potion of ambrosia
 I - a potion of haste
 M - 2 potions of heal wounds
 P - a potion of resistance
 R - a potion of magic
 W - a potion of might
Miscellaneous
 u - a fan of gales
Comestibles
 c - 9 bread rations
 n - 8 meat rations
 z - 3 beef jerkies
 C - 19 fruits
 V - a chunk of flesh


   Skills:
 + Level 3.0 Fighting
 + Level 2.3(2.4) Short Blades
 + Level 0.5(1.4) Long Blades
 + Level 0.8 Throwing
 + Level 8.9 Dodging
 + Level 7.6 Stealth
 + Level 14.5 Spellcasting
 + Level 10.9 Conjurations
 + Level 9.9 Charms
 + Level 10.7 Fire Magic
 + Level 3.0 Air Magic
 - Level 5.5 Poison Magic
 * Level 5.9 Invocations


You had 5 spell levels left.
You knew the following spells:

 Your Spells              Type           Power        Failure   Level  Hunger
a - Flame Tongue          Conj/Fire      #####        1%          1    None
b - Throw Flame           Conj/Fire      ######       1%          2    None
c - Mephitic Cloud        Conj/Pois/Air  #####...     1%          3    None
d - Magic Dart            Conj           ####         1%          1    None
e - Conjure Flame         Conj/Fire      #######.     1%          3    None
f - Sticky Flame          Conj/Fire      #######.     1%          4    None
g - Cure Poison           Pois           #####.....   1%          2    None
h - Static Discharge      Conj/Air       #####...     1%          3    None
i - Iskenderun's Battles  Conj/Chrm      ######..     2%          5    ###....
j - Iskenderun's Mystic   Conj           ######..     1%          4    None
k - Fireball              Conj/Fire      #######...   1%          5    ###....
l - Dazzling Spray        Conj/Hex       #####...     1%          3    None


Dungeon Overview and Level Annotations

Branches:
Dungeon (10/15)            Temple (0/1) D:4            Lair (7/8) D:10
  Swamp (0/4) Lair:6       Spider (0/4) Lair:4          Orc (0/2) D:10
  Slime: Lair:6-8

Altars:
Cheibriados
Dithmenos
Elyvilon
Fedhas
Gozag
Okawaru
Pakellas
Ru
Sif Muna
Trog
Vehumet
Xom
Yredelemnul
Zin

Shops:
D:4 !   D:5 ?

Annotations:
D:4 ThereIsNoGod's ghost, amateur GrFi
Lair:6 Rupert


Message History

Confirm with . or Enter, or press ? or * to list all spells.
You don't have enough magic to cast that spell.
You are struck by the porcupine's spines.
* * * LOW HITPOINT WARNING * * *
You hit the porcupine.
The porcupine is severely wounded.
The porcupine bites you but does no damage.
Drink which item? (? for menu, Esc to quit)
A red film seems to cover your vision as you go berserk!
You feel yourself moving faster!
You feel mighty!
You feel sick. You block the porcupine's attack.
You barely miss the porcupine.
The porcupine is severely wounded.
You feel sick. The porcupine barely misses you.
You are struck by the porcupine's spines.
* * * LOW HITPOINT WARNING * * *
Your shield prevents you from hitting the porcupine.
The porcupine is severely wounded.
You are struck by the porcupine's spines.
You die...

####### ####### ###
#P#...####...#.####.# #
###......<##....).....# ##
##...............#....####.
#......................#...
#####.........@r...............
##............................[.
#...............................
##...............................
.................................
............##.........##....#...
.......................##.....#.P
)#....................##.........
......................#.#........


You could see a porcupine.

Vanquished Creatures
  Snorg (D:10)
  Fannar (Lair:2)
  A hydra (Lair:6)
  3 death yaks (Lair:6)
  Urug (Lair:3)
  2 hill giants (D:9)
  A lindwurm (Volcano)
  An oklob plant (Lair:6)
  A cyclops (D:9)
  A molten gargoyle (Volcano)
  6 black mambas
  10 spiny frogs
  Joseph (D:10)
  A gargoyle (Volcano)
  3 rime drakes
  7 komodo dragons
  5 polar bears
  A two-headed ogre (D:9)
  A troll (D:10)
  29 yaks
  A wyvern (Lair:6)
  3 fire bats (Volcano)
  3 steam dragons
  4 basilisks
  A hungry ghost (D:8)
  5 vampire mosquitoes (Lair:7)
  6 hippogriffs
  2 mottled dragons (Volcano)
  An insubstantial wisp (Lair:7)
  6 porcupines
  A swamp drake (Lair:7)
  12 water moccasins
  A hell hound (Volcano)
  3 sky beasts
  A black bear (D:8)
  An ice beast (D:10)
  A necrophage (D:7)
  4 orc warriors
  A wasp (D:9)
  5 phantoms
  10 wolves
  2 centaurs
  2 ogres
  5 crocodiles
  A big kobold (D:10)
  13 giant frogs
  A wyvern zombie (D:10)
  4 scorpions
  A water moccasin skeleton (D:10)
  4 killer bees (D:9)
  8 wights
  7 electric eels
  5 howler monkeys
  3 lava snakes (Volcano)
  4 crimson imps
  11 hounds
  2 jellies
  3 orc priests
  4 centaur skeletons
  7 iguanas
  8 worker ants
  8 orc wizards
  11 sheep
  2 hound zombies
  3 hound skeletons
  4 gnolls (D:5)
  23 river rats
  7 adders
  3 shadow imps
  A white imp (D:9)
  2 worker ant simulacra (D:10)
  An ufetubus (D:10)
  2 oozes
  An adder zombie (D:10)
  3 worms
  2 dart slugs (D:1)
  7 giant geckos
  46 orcs
  3 bats
  4 giant cockroaches
  6 hobgoblins
  11 jackals
  13 kobolds
  4 quokkas
  A ball python (D:3)
  A ball python skeleton (D:4)
  13 goblins
  A quokka zombie (D:5)
  10 rats
  A plant (Lair:6)
438 creatures vanquished.

Vanquished Creatures (others)
  A wolf (D:10)
  An orc (D:10)
  8 fungi
  A plant (Lair:3)
11 creatures vanquished.

Grand Total: 449 creatures vanquished

Notes
Turn   | Place    | Note
--------------------------------------------------------------
     0 | D:1      | nubinia the Deep Elf Fire Elementalist began the quest for the Orb.
     0 | D:1      | Reached XP level 1. HP: 10/10 MP: 6/6
   345 | D:1      | Reached XP level 2. HP: 15/15 MP: 5/8
   375 | D:1      | Learned a level 2 spell: Throw Flame
   960 | D:1      | Reached XP level 3. HP: 19/19 MP: 6/10
  1036 | D:1      | Learned a level 3 spell: Conjure Flame
  1256 | D:2      | Found a faded altar to an unknown god.
  1265 | D:2      | Became a worshipper of Zin the Law-Giver
  1265 | D:2      | Reached * piety under Zin
  1500 | D:2      | Found an opulent altar of Gozag.
  1520 | D:2      | Reached skill level 4 in Spellcasting
  1585 | D:2      | Found a shimmering altar of Xom.
  1610 | D:2      | Found a deep blue altar of Sif Muna.
  1821 | D:2      | Found a glowing silver altar of Zin.
  1902 | D:2      | Reached XP level 4. HP: 22/24 MP: 10/12
  2011 | D:2      | HP: 1/24 [orc/enchanted flail (8)]
  2486 | D:3      | Reached skill level 1 in Invocations
  2583 | D:3      | Reached ** piety under Zin
  2682 | D:3      | Reached XP level 5. HP: 28/28 MP: 11/13
  3214 | D:4      | Reached skill level 5 in Spellcasting
  3276 | D:4      | Found Rocudel's Distillery.
  3318 | D:4      | Reached XP level 6. HP: 32/32 MP: 11/15
  3352 | D:4      | Reached skill level 5 in Fire Magic
  3619 | D:4      | Noticed ThereIsNoGod's ghost (amateur GrFi)
  3885 | D:4      | Found a staircase to the Ecumenical Temple.
  3892 | D:4      | Reached skill level 6 in Spellcasting
  3990 | D:4      | Reached XP level 7. HP: 37/37 MP: 12/18
  4130 | D:5      | Entered Level 5 of the Dungeon
  4334 | D:5      | Reached *** piety under Zin
  4447 | D:5      | Learned a level 1 spell: Sting
  4451 | D:5      | Learned a level 3 spell: Mephitic Cloud
  4742 | D:4      | Reached skill level 7 in Spellcasting
  4983 | D:5      | Found Liyjuj's Magic Scroll Boutique.
  5068 | D:5      | Found a snail-covered altar of Cheibriados.
  5483 | D:6      | Reached skill level 1 in Poison Magic
  5493 | D:6      | Identified a +0 rod of inaccuracy (12/12) (You found it on level 6 of the Dungeon)
  5631 | D:6      | Reached **** piety under Zin
  5910 | D:6      | Found a blossoming altar of Fedhas.
  5917 | D:6      | Reached XP level 8. HP: 42/42 MP: 14/20
  5928 | D:6      | Reached skill level 1 in Short Blades
  6350 | D:7      | Reached skill level 1 in Fighting
  6486 | D:7      | Found a sacrificial altar of Ru.
  6624 | D:7      | Learned a level 4 spell: Sticky Flame
  6627 | D:7      | Learned a level 2 spell: Cure Poison
  6987 | D:8      | Found an iron altar of Okawaru.
  7024 | D:8      | Reached ***** piety under Zin
  7053 | D:8      | Reached skill level 8 in Spellcasting
  7204 | D:8      | Found a bloodstained altar of Trog.
  7208 | D:8      | You fall through a shaft for 2 floors!
  7208 | D:10     | Entered Level 10 of the Dungeon
  7235 | D:8      | Reached skill level 5 in Dodging
  7246 | D:8      | Found a shadowy altar of Dithmenos.
  7312 | D:8      | Reached skill level 5 in Stealth
  7400 | D:8      | Reached XP level 9. HP: 42/47 MP: 13/23
  7649 | D:8      | Found a radiant altar of Vehumet.
  7651 | D:8      | Found a basalt altar of Yredelemnul.
  7661 | D:8      | Found a white marble altar of Elyvilon.
  7662 | D:8      | Found an oddly glowing altar of Pakellas.
  7877 | D:9      | Reached skill level 9 in Spellcasting
  7877 | D:9      | Reached skill level 5 in Conjurations
  8180 | D:9      | Noticed a hill giant
  8192 | D:9      | Killed a hill giant
  8298 | D:9      | Reached skill level 1 in Air Magic
  8304 | D:9      | Reached skill level 5 in Poison Magic
  8612 | D:9      | Reached XP level 10. HP: 53/53 MP: 14/25
  8775 | D:9      | Learned a level 3 spell: Static Discharge
  9105 | D:9      | Reached skill level 10 in Spellcasting
  9724 | D:10     | Noticed a hill giant
  9739 | D:9      | Killed a hill giant
 10363 | D:9      | Noticed a cyclops
 10372 | D:9      | Killed a cyclops
 10492 | D:10     | Noticed Joseph
 10500 | D:10     | Zin protects you from harm!
 10501 | D:10     | Killed Joseph
 10501 | D:10     | Reached skill level 11 in Spellcasting
 10977 | D:10     | Noticed Snorg
 11141 | D:10     | Reached XP level 11. HP: 58/58 MP: 13/28
 11360 | D:10     | Killed Snorg
 11778 | D:10     | Found a staircase to the Lair.
 12117 | D:10     | Found a staircase to the Orcish Mines.
 12286 | D:10     | Reached ****** piety under Zin
 12468 | D:10     | Reached skill level 12 in Spellcasting
 12794 | Lair:1   | Entered Level 1 of the Lair of Beasts
 13028 | Lair:1   | Noticed a five-headed hydra
 13041 | Lair:1   | Learned a level 5 spell: Fireball
 13223 | Lair:1   | Learned a level 4 spell: Iskenderun's Mystic Blast
 13229 | Lair:1   | Learned a level 5 spell: Iskenderun's Battlesphere
 13826 | Lair:2   | Reached skill level 5 in Charms
 13970 | Lair:2   | Noticed Fannar
 13998 | Lair:2   | Killed Fannar
 14968 | Lair:3   | Reached XP level 12. HP: 64/64 MP: 7/30
 15186 | Lair:3   | Identified a scroll of acquirement
 15188 | Lair:3   | Got a shimmering scale mail
 15200 | Lair:3   | Identified the +2 scale mail "Hofre" {Int+2 Dex+5} (You acquired it on level 3 of the Lair of Beasts)
 15273 | Lair:3   | Noticed Urug
 15886 | Lair:3   | Killed Urug
 16628 | Lair:4   | Reached skill level 10 in Fire Magic
 16801 | Lair:4   | Reached skill level 13 in Spellcasting
 16957 | Lair:4   | Found a hole to the Spider Nest.
 17307 | Lair:5   | Found a dark tunnel.
 17315 | Volcano  | Entered a volcano
 17532 | Volcano  | Found a bloodstained altar of Trog.
 18049 | Lair:5   | Reached skill level 10 in Conjurations
 18989 | Lair:6   | Noticed a death yak
 19087 | Lair:6   | Noticed a death yak
 19096 | Lair:6   | Found a staircase to the Swamp.
 19107 | Lair:6   | Killed a death yak
 19107 | Lair:6   | Reached skill level 14 in Spellcasting
 19160 | Lair:6   | Noticed a death yak
 19164 | Lair:6   | Killed a death yak
 19227 | Lair:6   | Killed a death yak
 19227 | Lair:6   | Reached XP level 13. HP: 56/68 MP: 10/33
 19262 | Lair:6   | Noticed Rupert
 19495 | Lair:6   | Reached skill level 5 in Invocations
 20102 | Lair:6   | Got a blackened falchion
 20103 | Lair:6   | Identified the +3 falchion of Expedience {slice, +Inv rElec MP-9 Int+7} (You found it on level 6 of the Lair of Beasts)
 20671 | Lair:2   | Learned a level 1 spell: Magic Dart
 20675 | Lair:2   | Learned a level 3 spell: Dazzling Spray
 20975 | Lair:6   | HP: 1/102 [porcupine's spines (8)]
 20976 | Lair:6   | Impaled on a porcupine's spines

Skill      XL: |  1  2  3  4  5  6  7  8  9 10 11 12 13 |
---------------+----------------------------------------+-----
Fire Magic     | 4 5 6 7 9 10 | 10.7
Spellcasting   | 4 5 6 7 8 9 11 12 14 | 14.5
Conjurations   | 2 3 4 6 7 8 10 | 10.9
Invocations    | 1 2 3 4 5 |  5.9
Dodging        | 3 5 6 7 8 |  8.9
Stealth        | 3 5 6 7 |  7.6
Poison Magic   | 1 3 5 |  5.5
Short Blades   | 1 2 |  2.3
Fighting       | 1 2 3 |  3.0
Air Magic      | 1 2 3 |  3.0
Charms         | 8 9 |  9.9
Long Blades    | |  0.5
Throwing       | |  0.8

Action                   |  1- 3 |  4- 6 |  7- 9 | 10-12 | 13-15 || total
-------------------------+-------+-------+-------+-------+-------++-------
Melee: Dagger            |    20 |    19 |   147 |   297 |    36 ||   519
       Long sword        |       |       |     7 |     3 |       ||    10
 Fire: Blowgun           |       |       |       |     4 |       ||     4
 Cast: Flame Tongue      |    75 |    71 |   158 |   323 |    51 ||   678
       Throw Flame       |     1 |    12 |    19 |   192 |    26 ||   250
       Mephitic Cloud    |       |       |    12 |    48 |     7 ||    67
       Sticky Flame      |       |       |     8 |    51 |     7 ||    66
       Sting             |       |       |     3 |     3 |       ||     6
       Conjure Flame     |       |       |     1 |     3 |       ||     4
       Static Discharge  |       |       |       |     5 |       ||     5
       Cure Poison       |       |       |       |     1 |     1 ||     2
       Iskenderun's Batt |       |       |       |    32 |    22 ||    54
       Iskenderun's Myst |       |       |       |    18 |       ||    18
       Fireball          |       |       |       |     1 |     6 ||     7
       Magic Dart        |       |       |       |       |     1 ||     1
Invok: Recite            |     2 |     2 |     5 |    14 |       ||    23
       Vitalisation      |       |       |       |     3 |       ||     3
  Use: Scroll            |       |     3 |     8 |    19 |     1 ||    31
       Potion            |       |       |     1 |     3 |     1 ||     5
 Stab: Sleeping          |     1 |     3 |    13 |     5 |     2 ||    24
       Invisible         |       |       |     1 |     2 |       ||     3
       Confused          |       |       |     3 |    14 |     5 ||    22
  Eat: Chunk             |     3 |     2 |     9 |    34 |     7 ||    55
       Bread ration      |       |     1 |       |       |       ||     1
       Meat ration       |       |       |     1 |       |       ||     1
       Pizza             |       |       |       |     2 |     1 ||     3
       Beef jerky        |       |       |       |     1 |       ||     1
Armor: Robe              |     8 |     8 |    24 |    43 |     8 ||    91
Dodge: Dodged            |    27 |    41 |    89 |   270 |    25 ||   452
Block: Buckler           |       |       |       |    19 |     5 ||    24
